 Dungeon Crawl Stone Soup version 0.32-a0-630-g46d191b0ed (webtiles) character file.

Game seed: 15471001576899220202

30 Esekla the Sneak (level 3, 26/26 HPs)
             Began as an Octopode Delver on Mar 6, 2024.
             Quit the game on level 5 of the Dungeon.
             The game lasted 00:04:03 (277 turns).

Esekla the Sneak (Octopode Delver)                   Turns: 277, Time: 00:04:04

Health: 26/26      AC:  1    Str: 11    XL:     3   Next: 18%
Magic:  4/4        EV: 13    Int: 14    God:
Gold:   9          SH:  0    Dex: 13    Spells: 3/3 levels left

rFire   . . .        a - +0 falchion
rCold   . . .        (no shield)
rNeg    . . .        (helmet restricted)
rPois   .            (no amulet)
rElec   .            (no ring)
rCorr   .            (no ring)
SInv    .            (no ring)
Will    .....        (no ring)
Stlth   ++++         (no ring)
HPRegen 0.24/turn    (no ring)
MPRegen 0.09/turn    (no ring)
                     (no ring)

%: no passive effects
@: no status effects
A: almost no armour, amphibious, 8 rings, camouflage 1, gelatinous body 1,
(nimble swimmer 1), tentacles
a: no special abilities


You were on level 5 of the Dungeon.
You visited 1 branch of the dungeon, and saw 1 of its levels.

You collected 9 gold pieces.

Inventory:

Hand Weapons
 a - a +0 falchion (weapon)
Wands
 f - a wand of digging (3)
Scrolls
 b - a scroll of fog
Potions
 c - a potion of mutation {unknown}
 e - a potion of haste


   Skills:
 * Level 3.2 Fighting
 + Level 2.0 Long Blades
 * Level 2.2 Dodging
 + Level 7.2 Stealth
 * Level 0.8 Spellcasting


You had 3 spell levels left.
You didn't know any spells.
Your spell library was empty.

Dungeon Overview and Level Annotations

Branches:
Dungeon (5/15)
 Temple: D:4-7

Altars:
Elyvilon
Kikubaaqudgha
Okawaru


Innate Abilities, Weirdness & Mutations

You cannot wear most types of armour.
You are amphibious.
You can wear up to eight rings at the same time.
Your skin changes colour to match your surroundings (Stealth+).
Your rubbery body absorbs attacks. (AC +1, EV +1)
((You are camouflaged when in or above water. (Stealth+)))
You have tentacles for arms and can constrict up to eight enemies at once.


Message History

You feel sick.
Your Stealth skill increases to level 7!
You feel sick.
You start resting.
You feel sick. x4
You are no longer poisoned.
You start resting.
Magic restored.
You start resting.
An ogre is nearby!
Found a white marble altar of Elyvilon.
You open the door.
There is an open door here.
Found a red potion.
You close the door.
An adder comes into view.
The adder hisses angrily.
You hit the adder but do no damage. You grab the adder.
You constrict the adder. The adder completely misses you.
The adder barely misses you.
You slash the adder!
You kill the adder!
You have reached level 3!
Your experience leads to an increase in your attributes!
Increase (S)trength, (I)ntelligence, or (D)exterity?
You feel clever. x2
You open the door.
Found a stone.
There is an open door here.
Found a stone staircase leading up.
A quokka comes into view.
There is a stone staircase leading up here.
The helpless quokka fails to defend itself.
You slash the quokka!
You kill the quokka!
Found 3 stones.
Found 3 datura-tipped darts.
Found a runed spear and a hand axe.
Found an iron altar of Okawaru.
An ogre and a shadow imp come into view.
Found a runed mace and a falchion.
The shadow imp moves out of view.
Are you sure you want to abandon this character and quit the game? (Confirm with "yes".)

**...###.,,.#,,,,,* *,,
*,..O.....,.#,,,,,* *,,
#.,#.).).#,.#,,,,,* *,,
*#.##.._..##.#,,,,,* *,,
*...#.).).#..#**,,********
*.....,......#**,,**,*,,**
*.#...###...#**,,,,,,,*,,,
*......#...#* *,,,,,,,*,,,
**#......@## *,,,,,,,*,,,
#...##..# *,,,,,,,*,,,
#.,,*#.## *,,,,,,,+,,,
*****#'####.######*,**,,***,*
*,,,.............#*,*******,*
*,**#.......(....#,,,,,,,<*,,
*,**.............#,,,,,,,,+,,
*,*,.###.###.....#+##########
*,,,**###*###..#.............


There were no monsters in sight!

Vanquished Creatures
  A gnoll (D:5)
  2 adders (D:5)
  A quokka (D:5)
4 creatures vanquished.

Notes
Turn   | Place    | Note
-------+----------+-------------------------------------------
     0 | D:5      | Esekla the Octopode Delver began the quest for the Orb.
     0 | D:5      | Reached XP level 1. HP: 16/16 MP: 1/1
    34 | D:5      | Reached XP level 2. HP: 16/21 MP: 2/2
    83 | D:5      | Noticed an ogre
    93 | D:5      | Found an ancient bone altar of Kikubaaqudgha.
   156 | D:5      | Noticed an ogre
   160 | D:5      | Reached skill level 7 in Stealth
   193 | D:5      | Found a white marble altar of Elyvilon.
   210 | D:5      | Reached XP level 3. HP: 26/26 MP: 4/4
   269 | D:5      | Noticed a killer bee
   274 | D:5      | Found an iron altar of Okawaru.
   275 | D:5      | Noticed an ogre
   277 | D:5      | Quit the game

Illustrated notes

Levels and vault maps discovered:
D:5:      layout_gridville, okawaru_ov_weapons_minmay,
          mainiacjoe_overflow_alcove_4, overflow_temple_1_default,
          gammafunk_ghost_hive, chequers_serial_rivers_marsh, minivault_5,
          st_stairs_10

Skill      XL: |  1  2 |
---------------+-------+-----
Stealth        | 7 |  7.2
Fighting       | |  3.2
Long Blades    | |  2.0
Dodging        | |  2.2
Spellcasting   | |  0.8

Action                     || total
---------------------------++-------
  Melee: Falchion          ||     9
         Constrict         ||     3
         Tentacles         ||     2
    Use: Scroll            ||     2
   Stab: Sleeping          ||     1
 Armour: Skin              ||     2
  Dodge: Dodged            ||     6

Table legend: (Time is in decaauts)
 A = Elapsed time spent in this place.
 B = Non-inter-level travel time spent in this place.
 C = Inter-level travel time spent in this place.
 D = Time resting spent in this place.
 E = Time spent auto-exploring this place.
 F = Levels seen in this place.
 G = Mean time per level.
                   A        B        C        D        E       F      G
               +--------+--------+--------+--------+--------+-----+--------+
         Total |    278 |    278 |      0 |     51 |      0 |   1 |  278.0 |
       Dungeon |    278 |    278 |      0 |     51 |      0 |   1 |  278.0 |
               +--------+--------+--------+--------+--------+-----+--------+

Top non-repeatable levels by time:
     D:5: 278 daAuts
